Map: New Gettysburg LE

Players

Railgan

  • Race: Zerg Zerg
  • League: Grandmaster

A.I. 2 (Very Easy) - Winner!

  • Race: Terran Terran

VOD

Have the link to the VOD?

Description

Time

  • Played on: Sept. 5, 2016, 12:43 p.m.
  • Length: 7:25
Show
View Real Time Build Order
Export as new Build Order

Railgan Zerg 

Build Orders: Hatch First 

Get SALT Encoding   

  12  0:01  Drone  
  13  0:13  Overlord  
  13  0:18  Drone  
  14  0:31  Drone x2  
  16  0:37  Drone  
  17  0:53  Hatchery  
  17  0:56  Drone  
  17  1:01  Drone  
  18  1:15  Spawning Pool  
  18  1:18  Drone, Extractor  
  17  1:22  Drone  
  18  1:28  Drone  
  19  1:39  Drone  
  20  1:50  Hatchery  
  19  2:02  Queen  
  19  2:03  Zergling x2  
  19  2:08  Drone x2  
  24  2:14  Drone  
  25  2:24  Metabolic Boost  
  25  2:27  Queen  
  27  2:33  Overlord  
  27  2:36  Drone  
  31  2:51  Drone x5  
  33  3:01  Drone  
  34  3:06  Queen  
  34  3:07  Drone  
  34  3:09  Drone  
  38  3:12  Overlord  
  38  3:13  Drone  
  38  3:14  Drone x2  
  38  3:15  Drone  
  42  3:22  Overlord  
  42  3:32  Drone  
  42  3:33  Drone x3  
  46  3:36  Overlord  
  46  3:39  Overlord  
  46  3:40  Drone x3  
  49  3:46  Drone x3  
  49  3:47  Drone x2  
  54  3:52  Drone  
  55  3:56  Roach Warren  
  55  3:57  Drone x2  
  56  4:04  Overlord  
  56  4:08  Drone x4  
  56  4:09  Lair  
  60  4:12  Drone  
  60  4:14  Evolution Chamber  
  60  4:16  Drone  
  60  4:17  Drone x3  
  64  4:21  Overlord  
  64  4:22  Drone  
  64  4:23  Drone x2  
  67  4:25  Extractor  
  67  4:27  Extractor  
  67  4:28  Extractor  
  67  4:30  Drone x2  
  67  4:31  Extractor  
  65  4:32  Extractor  
  65  4:34  Drone  
  65  4:35  Drone  
  66  4:42  Roach x4  
  74  4:48  Drone x5  
  74  4:51  Drone x2  
  81  4:59  Drone x2  
  84  5:00  Overlord, Drone  
  84  5:05  Overlord  
  84  5:13  Hydralisk Den  
  83  5:22  Zerg Missile Weapons Level 1  
  83  5:23  Glial Reconstitution  
  83  5:24  Overlord  
  83  5:25  Zergling x2  
  83  5:26  Zergling x14  
  91  5:33  Overlord  
  91  5:39  Zergling x10  
  91  5:40  Hatchery  
  95  5:43  Lurker Den  
  95  5:44  Hydralisk  
  97  5:51  Hydralisk x2  
  97  5:52  Hydralisk x6  
  97  5:56  Overlord  
  113  5:57  Hydralisk  
  115  6:05  Hydralisk x3  
  115  6:06  Overlord  
  115  6:09  Overlord  
  121  6:12  Overlord  
  121  6:15  Hydralisk  
  121  6:18  Hydralisk  
  123  6:21  Hydralisk x2  
  123  6:23  Overlord  
  123  6:25  Overlord  
  129  6:27  Zergling x8  
  129  6:31  Zergling x2  
  133  6:35  Hydralisk  
  135  6:44  Hydralisk  
  135  6:45  Hydralisk x4  
  145  6:49  Hydralisk  
  145  6:50  Hydralisk x2  
  145  6:51  Hydralisk x2  
  145  6:53  Hydralisk  
  157  6:57  Hydralisk  
  157  6:59  Hydralisk  
Show
View Real Time Build Order
Export as new Build Order

A.I. 2 (Very Easy) Terran - Winner!

Build Orders:  

Get SALT Encoding   

  12  0:00  SCV  
  13  0:13  SCV  
  14  0:20  Supply Depot  
  14  0:37  Refinery  
  14  0:47  Barracks  
  14  1:07  Supply Depot  
  14  1:12  Refinery  
  14  1:32  SCV  
  15  1:34  Marine  
  16  1:44  SCV  
  17  1:56  SCV  
  18  2:08  Marine, SCV  
  20  2:20  SCV  
  21  2:32  SCV  
  22  2:43  Marine  
  23  2:45  Orbital Command  
  23  5:56  SCV  
  23  5:57  Marine  
  24  5:58  Supply Depot  
  24  6:00  Factory  
  24  6:02  Command Center  
  25  6:08  SCV  
  25  6:20  SCV  
  25  6:24  Supply Depot  
  26  6:27  Marine  
  26  6:32  SCV  
  24  6:44  SCV  
  24  6:45  Starport  
  25  6:56  Marine  
  25  6:57  SCV  
  26  7:09  SCV  
Tags
 
Add a new tag
Caveats
  • Supply blocks, unpowered buildings, or Contaminate may cause inaccurate times.
  • Supply counts are checked every 10 seconds.